 Dungeon Crawl Stone Soup version 0.31-a0-150-g89dc3ad700 (webtiles) character file.

Game seed: 14458388898655856062

547 lunkers the Insei (level 7, -3/52 HPs)
             Began as a Meteoran Wanderer on June 8, 2023.
             Slain by a mummy (15 damage)
             ... in an ossuary.
             The game lasted 00:08:40 (1263 turns).

lunkers the Insei (Meteoran Wanderer)               Turns: 1263, Time: 00:08:40

Health: -3/52      AC:  2    Str: 13    XL:     7   Next: 83%
Magic:  22/23      EV: 21    Int: 16    God:
Gold:   97         SH:  0    Dex: 19    Spells: 10/14 levels left

rFire   . . .        a - melded staff of poison
rCold   . . .        (shield currently unavailable)
rNeg    . . .        c - melded +0 robe
rPois   x            d - melded +1 helmet
rElec   .            h - melded +0 cloak
rCorr   .            (gloves currently unavailable)
SInv    .            (boots currently unavailable)
Will    .....        (no amulet)
Stlth   +            q - ring of magical power
HPRegen 0.28/turn    n - ring of flight
MPRegen 0.18/turn

%: no passive effects
@: spider-form, flying, glowing
A: venomous fangs, tiny, sense surroundings 1, otherworldly, glowing, explore
regen
a: End Transformation


You were in an ossuary.
You were a venomous arachnid creature.
You visited 1 branch of the dungeon, and saw 4 of its levels.
You also visited: Ossuary.

You collected 97 gold pieces.

Inventory:

Hand Weapons
 g - a +2 short sword of draining
 o - a +0 dagger
Armour
 c - a +0 robe (melded)
 d - a +1 helmet (melded)
 h - a +0 cloak (melded)
Magical Staves
 a - a staff of poison (melded)
Jewellery
 n - a ring of flight (right front pincers)
 q - a ring of magical power (left front pincers)
Wands
 i - a wand of iceblast (9)
Scrolls
 b - a scroll of blinking
 j - a scroll of teleportation
 k - a scroll of fog
Potions
 e - a potion of ambrosia
 f - 2 potions of attraction
 p - a potion of mutation


   Skills:
 - Level 1.1 Fighting
 - Level 3.6 Dodging
 * Level 7.3 Unarmed Combat
 - Level 4.0 Spellcasting
 + Level 4.9 Transmutations
 + Level 2.1 Poison Magic


You had 10 spell levels left.
You knew the following spells:

 Your Spells              Type           Power      Damage    Failure   Level
b - Sting                 Tmut/Pois      56%        1d5       13%         1
c - Spider Form           Tmut/Pois      14%        N/A       28%         3

Your spell library contained the following spells:

 Spells                   Type           Power      Damage    Failure   Level
 Apportation              Tloc           6%         N/A       36%         1
 Kiss of Death            Conj/Necr      12%        2d6       36%         1
 Blink                    Tloc           6%         N/A       47%         2
 Lesser Beckoning         Tloc           6%         N/A       47%         2
 Momentum Strike          Conj/Tloc      6%         3d8       47%         2
 Dazzling Flash           Conj/Hex       6%         N/A       67%         3
 Portal Projectile        Hex/Tloc       6%         N/A       67%         3
 Vhi's Electric Charge    Tloc/Air       6%         N/A       67%         3
 Volatile Blastmotes      Fire/Tloc      6%         2d10      67%         3
 Iskenderun's Mystic Bla  Conj/Tloc      3%         2d3       95%         4
 Starburst                Conj/Fire      1%         6d3       100%        6


Dungeon Overview and Level Annotations

Branches:
Dungeon (4/15) Zot: 1189  Ossuary (1/1) Zot: 555
 Temple: D:4-7

Altars:

Annotations:
D:3 1 runed translucent door, hikkokomori's ghost, amateur DgFi


Innate Abilities, Weirdness & Mutations

You are a venomous arachnid creature.
You have venomous fangs.
You are tiny and dextrous.
Your spellcasting is less reliable in this form.
Your armour is entirely melded.
You are incapable of wielding weapons or throwing items.
You passively map a small area around you.
You are easily found by Zot.
You glow in the dark.
You regain HP and MP as you explore.


Message History

You turn into a venomous arachnid creature.
Your staff of poison melds into your body.
Your +0 cloak melds into your body.
Your +1 helmet melds into your body.
Your +0 robe melds into your body.
The wyvern zombie closely misses you.
Unknown command.
You hit the wyvern zombie.
The wyvern zombie is almost destroyed.
The wyvern zombie completely misses you.
Unknown command.
You bite the wyvern zombie!
You destroy the wyvern zombie!
Your Unarmed Combat skill increases to level 7!
You hit the bullfrog zombie.
The bullfrog zombie is lightly damaged.
The bullfrog zombie closely misses you.
You bite the bullfrog zombie!
The bullfrog zombie is moderately damaged.
The bullfrog zombie hits you.
* * * LOW HITPOINT WARNING * * *
The bullfrog zombie completely misses you.
You hit the bullfrog zombie.
The bullfrog zombie is heavily damaged.
You bite the mummy!
The mummy is moderately damaged.
You bite the mummy!
The mummy is almost destroyed.
You hit the mummy.
You destroy the mummy!
You bite the bullfrog zombie!
The bullfrog zombie is severely damaged.
The bullfrog zombie hits you.
* * * LOW HITPOINT WARNING * * *
You bite the bullfrog zombie!
You destroy the bullfrog zombie!
Your Poison Magic skill increases to level 2!
You hit the mummy but do no damage. You hit the mummy.
The mummy is moderately damaged.
The mummy hits you!
You die...

* * * *+ '
'*+#+#* ~
~ ..+
#####.# ,
#...#Z+ *,
, #.∩.'.#
* ,
#∩..#.+,
~#####.###
+ *
#sM.'.# **
###.### ,
, #.+ *
+.# * ,*
#~' * *
*#M# ,,
~~+ * ~~#


You could see a mummy.

Vanquished Creatures
  Sigmund (D:3)
  An ogre (D:4)
  A wyvern zombie (Ossuary)
  A scorpion (D:4)
  A bullfrog zombie (Ossuary)
  Crazy Yiuf (D:4)
  2 mummies (Ossuary)
  A howler monkey zombie (Ossuary)
  5 adders
  A dart slug (D:3)
  4 orcs (D:4)
  2 ball pythons (D:3)
  7 endoplasms
  2 jackals (D:3)
  2 kobolds (D:1)
  A quokka (D:1)
  4 bats
  2 frilled lizards (D:3)
  2 goblins
  A goblin zombie (D:4)
  2 rats
44 creatures vanquished.

Notes
Turn   | Place    | Note
-------+----------+-------------------------------------------
     0 | D:1      | lunkers the Meteoran Wanderer began the quest for the Orb.
     0 | D:1      | lunkers set off with the following items: a +0 dagger, a
                  | scroll of blinking, a +0 robe, a +0 helmet; and the
                  | following spells available to memorise: Sting, Apportation,
                  | Kiss of Death, Spider Form, Portal Projectile, Vhi's
                  | Electric Charge.
     0 | D:1      | Reached XP level 1. HP: 16/16 MP: 6/6
     2 | D:1      | Learned a level 1 spell: Sting
    85 | D:1      | Reached skill level 1 in Unarmed Combat
    95 | D:1      | Reached XP level 2. HP: 17/23 MP: 2/8
   152 | D:1      | Reached skill level 2 in Unarmed Combat
   437 | D:2      | Reached skill level 3 in Unarmed Combat
   437 | D:2      | Reached XP level 3. HP: 14/28 MP: 2/9
   441 | D:2      | Learned a level 3 spell: Spider Form
   580 | D:3      | Reached XP level 4. HP: 35/35 MP: 6/11
   642 | D:3      | Reached skill level 4 in Unarmed Combat
   648 | D:3      | Noticed Sigmund
   673 | D:3      | Killed Sigmund
   674 | D:3      | Reached skill level 5 in Unarmed Combat
   674 | D:3      | Reached XP level 5. HP: 35/40 MP: 5/12
   674 | D:3      | Reached XP level 6. HP: 41/47 MP: 5/13
   688 | D:3      | Found a runed translucent door.
   694 | D:3      | Noticed hikkokomori's ghost (amateur DgFi)
   801 | D:4      | Noticed an ogre
   810 | D:4      | Killed an ogre
   811 | D:4      | Reached skill level 6 in Unarmed Combat
   887 | D:4      | Reached XP level 7. HP: 45/52 MP: 14/14
   976 | D:4      | Found a runed translucent door.
   977 | D:4      | Noticed Crazy Yiuf
   987 | D:4      | Killed Crazy Yiuf
  1197 | D:4      | Reached skill level 1 in Poison Magic
  1201 | D:4      | Found a sand-covered staircase.
  1215 | Ossuary  | Entered an ossuary
  1254 | Ossuary  | Reached skill level 7 in Unarmed Combat
  1263 | Ossuary  | Slain by a mummy

Illustrated notes

Levels and vault maps discovered:
D:1:      minmay_arrival_shattered_statue, layout_basic
D:2:      layout_loops_ring
D:3:      layout_rooms, ebering_ghost_sewer_f, hangedman_decor_clover_reticule,
          uniq_sigmund
D:4:      layout_loops_corners, enter_ossuary_4, nicolae_goblin_pals,
          uniq_crazy_yiuf_cottage
Ossuary:  ossuary_zaba_flooded

Skill      XL: |  1  2  3  4  5  6  7 |
---------------+----------------------+-----
Unarmed Combat | 1 3 5 6 7 |  7.3
Transmutations | 3 4 |  4.9
Poison Magic   | 2 |  2.1
Fighting       | |  1.1
Dodging        | |  3.6
Spellcasting   | |  4.0

Action                     |  1- 3 |  4- 6 |  7- 9 || total
---------------------------+-------+-------+-------++-------
  Melee: Dagger            |    20 |    20 |       ||    40
         Punch             |       |     3 |       ||     3
         Unarmed           |       |    12 |    51 ||    63
         Staff             |       |     5 |     3 ||     8
   Cast: Sting             |    33 |    10 |     1 ||    44
         Spider Form       |       |     3 |     7 ||    10
    Use: Scroll            |     1 |     9 |     1 ||    11
 Armour: Robe              |    20 |    10 |     5 ||    35
         Skin              |       |       |     1 ||     1
  Dodge: Dodged            |    29 |    29 |    32 ||    90

Table legend: (Time is in decaauts)
 A = Elapsed time spent in this place.
 B = Non-inter-level travel time spent in this place.
 C = Inter-level travel time spent in this place.
 D = Time resting spent in this place.
 E = Time spent auto-exploring this place.
 F = Levels seen in this place.
 G = Mean time per level.
                   A        B        C        D        E       F      G
               +--------+--------+--------+--------+--------+-----+--------+
         Total |   1254 |   1254 |      0 |      0 |    313 |   5 |  250.8 |
       Dungeon |   1210 |   1210 |      0 |      0 |    313 |   4 |  302.5 |
       Ossuary |     43 |     43 |      0 |      0 |      0 |   1 |   43.0 |
               +--------+--------+--------+--------+--------+-----+--------+

Top non-repeatable levels by time:
     D:4: 428 daAuts
     D:3: 288 daAuts
     D:2: 271 daAuts
     D:1: 222 daAuts
 Ossuary: 43 daAuts
